 Dungeon Crawl Stone Soup version 0.31-a0-237-g2d982f9f85 (webtiles) character file.

Game seed: 11972847546470748904

201 qw the Shooter (level 5, -4/32 HPs)
             Began as a Gargoyle Hexslinger on July 11, 2023.
             Slain by an orc priest
             ... wielding a +0 club
              (5 damage)
             ... on level 3 of the Dungeon.
             The game lasted 00:00:47 (2094 turns).

qw the Shooter (Gargoyle Hexslinger)                Turns: 2094, Time: 00:00:47

Health: -4/32      AC:  6    Str: 11    XL:     5   Next: 79%
Magic:  6/6        EV: 12    Int: 14    God:
Gold:   140        SH:  0    Dex: 14    Spells: 5/6 levels left

rFire   . . .        Y - +1 sling
rCold   . . .        (no shield)
rNeg    + . .        c - +0 robe
rPois   inf          (no helmet)
rElec   +            (no cloak)
rCorr   .            (no gloves)
SInv    .            (no boots)
Will    .....        (no amulet)
Stlth   +            (no ring)
HPRegen 0.25/turn    (no ring)
MPRegen 0.10/turn

%: no passive effects
@: about to teleport
A: sickness immunity, AC +4, negative energy resistance 1, electricity
resistance, torment resistance 1, petrification resistance
a: no special abilities


You were on level 3 of the Dungeon.
You visited 1 branch of the dungeon, and saw 3 of its levels.

You collected 140 gold pieces.


Innate Abilities, Weirdness & Mutations

You are immune to sickness and miasma.
Your stone body is resilient. (AC +4)
You are immune to poison.
You resist negative energy. (rN+)
You are resistant to electric shocks. (rElec)
You are resistant to unholy torment.
You are immune to petrification.


   Skills:
 - Level 3.0 Fighting
 + Level 5.2 Ranged Weapons
 - Level 1.5 Dodging
 - Level 1.0 Spellcasting
 - Level 2.6 Hexes


You had 5 spell levels left.
You knew the following spells:

 Your Spells              Type           Power      Damage    Failure   Level
a - Slow                  Hex            32%        N/A       9%          1

Your spell library contained the following spells:

 Spells                   Type           Power      Damage    Failure   Level
 Inner Flame              Hex/Fire       4%         N/A       41%         3
 Portal Projectile        Hex/Tloc       8%         N/A       41%         3
 Cause Fear               Hex            4%         N/A       65%         4

Inventory:

Hand Weapons
 Y - a +1 sling (weapon)
Armour
 c - a +0 robe (worn)
 d - a +0 ring mail
Scrolls
 b - a scroll of fear {unknown}
Potions
 e - a potion of enlightenment {unknown}
 g - a potion of might
 h - 2 potions of magic {unknown}

Dungeon Overview and Level Annotations

Branches:
Dungeon (3/15)

Altars:
Ru

Annotations:
D:2 1 runed translucent door, Crazy Yiuf


Message History

An orc priest comes into view. It is wielding a +0 club.
The orc barely misses you.
You shoot a sling bullet.
The sling bullet closely misses the orc.
The orc closely misses you.
You shoot a sling bullet. The sling bullet hits the orc.
You kill the orc!
The orc priest hits you but does no damage.
You shoot a sling bullet. The sling bullet hits the orc priest!
The orc priest is heavily wounded.
The orc priest misses you.
You shoot a sling bullet.
The sling bullet hits the orc priest but does no damage.
The orc priest is heavily wounded.
The orc priest hits you with a +0 club.
You shoot a sling bullet. The sling bullet hits the orc priest.
The orc priest is severely wounded.
The orc priest casts a cantrip, but nothing happens.
You shoot a sling bullet.
The sling bullet barely misses the orc priest.
The orc priest calls down the wrath of Beogh upon you.
You barely resist. You shoot a sling bullet.
The sling bullet barely misses the orc priest.
The orc priest calls down the wrath of Beogh upon you.
Beogh smites you!
2092 ||| READING scroll of teleportation.
As you read the scroll of teleportation, it crumbles to dust.
You feel strangely unstable.
The orc priest invokes the aid of Beogh against you.
You barely resist. You shoot a sling bullet.
The sling bullet closely misses the orc priest.
The orc priest invokes the aid of Beogh against you.
Pain shoots through your body!
The orc priest hits you but does no damage.
You shoot a sling bullet.
The sling bullet barely misses the orc priest.
The orc priest hits you with a +0 club.
You die...

#.##.##.# #.#
#.#..##.# #.#
#.#.###.# #..
#.......# #..
### ###.#####
#.. .. #.# #..
#. #.# #..
###o#######.#
#..
#.:)@.......#
#..
.....#.#########
#.. .## #. ###
#. .. ##


You could see an orc priest.

Vanquished Creatures
  Jessica (D:3)
  Natasha (thrice) (D:2)
  An orc wizard (D:3)
  3 adders (D:2)
  A dart slug (D:2)
  4 orcs
  7 endoplasms
  2 giant cockroaches
  6 goblins (D:1)
  2 hobgoblins
  2 jackals (D:1)
  A kobold (D:2)
  2 quokkas
  4 ball pythons
  2 bats (D:1)
  2 frilled lizards
  2 rats
45 creatures vanquished.

Notes
Turn   | Place    | Note
-------+----------+-------------------------------------------
     0 | D:1      | qw the Gargoyle Hexslinger began the quest for the Orb.
     0 | D:1      | Reached XP level 1. HP: 12/12 MP: 2/2
     0 | D:1      | 0 ||| qw: Version: 0.3-a-52-g30416fa
     0 | D:1      | 0 ||| qw: Game counter: 5858
     0 | D:1      | 0 ||| qw: Melee chars always use a shield: true
     0 | D:1      | 0 ||| qw: God list: Okawaru
     0 | D:1      | 0 ||| qw: Allow faded altars: false
     0 | D:1      | 0 ||| qw: Do Orc after clearing Dungeon:15 true
     0 | D:1      | 0 ||| qw: Do second Lair branch before Depths: true
     0 | D:1      | 0 ||| qw: Lair rune preference: random
     0 | D:1      | 0 ||| qw: Goals: Normal
     0 | D:1      | 0 ||| PLANNING D:1-11
   168 | D:1      | Reached XP level 2. HP: 16/16 MP: 3/3
   221 | D:1      | Reached skill level 3 in Ranged Weapons
   608 | D:1      | 608 ||| READING scroll labelled TUVIDW TOEDU.
   609 | D:1      | 609 ||| READING scroll labelled AMOLUU DENAQ.
   610 | D:1      | 610 ||| READING scroll labelled UFANYE ZANE.
   623 | D:1      | 623 ||| READING scroll labelled HAFYCE HYSEYD.
   624 | D:1      | 624 ||| DRINKING 2 coppery potions.
   625 | D:1      | 625 ||| DROPPING scroll of poison.
   661 | D:2      | 661 ||| STAIRDANCE
   725 | D:2      | Noticed Natasha
   730 | D:2      | Killed Natasha
   731 | D:2      | Reached XP level 3. HP: 22/22 MP: 4/4
   755 | D:2      | Noticed Natasha
   763 | D:2      | Killed Natasha
   764 | D:2      | Reached XP level 4. HP: 27/27 MP: 5/5
   923 | D:2      | Noticed Natasha
   937 | D:2      | Killed Natasha
   938 | D:2      | Reached skill level 4 in Ranged Weapons
  1078 | D:2      | Reached XP level 5. HP: 32/32 MP: 6/6
  1120 | D:2      | Found a sacrificial altar of Ru.
  1447 | D:2      | Found a runed translucent door.
  1448 | D:2      | Noticed Crazy Yiuf
  1487 | D:2      | 1487 ||| READING scroll labelled YTHARONYLU.
  1488 | D:2      | 1488 ||| READING scroll labelled SULARCH PUKK.
  1512 | D:2      | 1512 ||| READING scroll labelled TAOKUSCHI ODARU.
  1905 | D:3      | Noticed Jessica
  1911 | D:3      | Killed Jessica
  2081 | D:3      | Reached skill level 5 in Ranged Weapons
  2084 | D:3      | Reached skill level 3 in Fighting
  2091 | D:3      | HP: 4/32 [orc priest/divine providence (13)]
  2092 | D:3      | 2092 ||| READING scroll of teleportation.
  2093 | D:3      | HP: 1/32 [orc priest/nerve-wracking pain (4)]
  2094 | D:3      | Slain by an orc priest

Levels and vault maps discovered:
D:1:      spicycebolla_arrival_clurvy, layout_basic, feat_on_display
D:2:      layout_loops_ring, basic_altar, uniq_crazy_yiuf_cottage, uniq_natasha
D:3:      layout_loops_corners, kennysheep_jessica_study

Skill      XL: |  1  2  3  4  5 |
---------------+----------------+-----
Ranged Weapons | 3 4 5 |  5.2
Fighting       | 2 3 |  3.0
Dodging        | |  1.5
Spellcasting   | |  1.0
Hexes          | |  2.6

Action                     |  1- 3 |  4- 6 || total
---------------------------+-------+-------++-------
   Fire: Sling             |    59 |   124 ||   183
    Use: Scroll            |     4 |     4 ||     8
         Potion            |     1 |       ||     1
 Armour: Robe              |     9 |    40 ||    49
  Dodge: Dodged            |    21 |    67 ||    88

Table legend:
 A = Non-vault XP
 B = Vault XP
 C = Vault XP percentage of total XP
 D = Non-vault monster count
 E = Vault monster count
 F = Vault count percentage of total count
                 A         B        C        D         E       F
            +---------+---------+-------+---------+---------+-------
      Total |     214 |      74 |  25.7 |      42 |       3 |   6.7
            +---------+---------+-------+---------+---------+-------
        D:1 |      27 |       0 |   0.0 |      16 |       0 |   0.0
        D:2 |     135 |      35 |  20.6 |      17 |       1 |   5.6
        D:3 |      52 |      39 |  42.9 |       9 |       2 |  18.2
            +---------+---------+-------+---------+---------+-------
